 Dungeon Crawl Stone Soup version 0.31.0-11-ge490571c62 (webtiles) character file.

Game seed: 4707246182969980827

12485 Arctor the Arsonist (level 11, -2/64 HPs)
             Began as a Deep Elf Fire Elementalist on Feb 2, 2024.
             Was a Believer of Vehumet.
             Slain by a komodo dragon (23 damage)
             ... on level 11 of the Dungeon.
             The game lasted 00:30:17 (18570 turns).

Arctor the Arsonist (Deep Elf Fire Elementalist)   Turns: 18570, Time: 00:30:18

Health: -2/64      AC: 12    Str:  5    XL:     11   Next: 63%
Magic:  0/22       EV: 14    Int: 25    God:    Vehumet [**....]
Gold:   328        SH:  0    Dex: 15    Spells: 3/22 levels left

rFire   + + +        q - staff of fire
rCold   x . .        (no shield)
rNeg    . . .        J - +5 robe of Night {Dark Will+ SInv}
rPois   .            h - +2 helmet
rElec   .            A - +0 cloak
rCorr   .            O - +0 pair of gloves
SInv    +            (no boots)
Will    ++...        f - amulet of guardian spirit
Stlth   ++           l - ring of fire
HPRegen 0.30/turn    c - ring of protection from fire
MPRegen 0.18/turn

%: guardian spirit
@: attractive
A: no striking features
a: Renounce Religion


You were on level 11 of the Dungeon.
You worshipped Vehumet.
Vehumet was pleased with you.
You visited 2 branches of the dungeon, and saw 12 of its levels.

You collected 656 gold pieces.
You spent 328 gold pieces at shops.

Inventory:

Missiles
 e - 2 throwing nets
Armour
 h - a +2 helmet (worn)
 v - the +1 robe "Teosyrgho" {rN+ Str-4 Archmagi}
   (You bought it in a shop on level 2 of the Dungeon)

   Str-4:     It affects your strength (-4).
   rN+:       It protects you from negative energy.
   Archmagi:  It increases the power of your magical spells.
 A - a +0 cloak (worn)
 J - the +5 robe of Night (worn) {Dark Will+ SInv}
   (You found it on level 8 of the Dungeon)

   Dark:      It shrouds the wearer in darkness, reducing the range at which
   they can see and be seen by others.
   Will+:     It increases your willpower.
   SInv:      It lets you see invisible.
 O - a +0 pair of gloves (worn)
Magical Staves
 m - a staff of alchemy
 q - a staff of fire (weapon)
Jewellery
 b - a ring of see invisible
 c - a ring of protection from fire (right hand)
 d - a +5 ring of evasion
 f - an amulet of guardian spirit (around neck)
 k - a ring of protection from fire
 l - a ring of fire (left hand)
 r - a ring of protection from cold
 t - a ring of willpower
 I - an amulet of faith
Wands
 i - a wand of paralysis (23)
 o - a wand of mindburst (28)
 p - a wand of acid (19)
 x - a wand of flame (26)
 B - a wand of iceblast (13)
 E - a wand of polymorph (21)
 H - a wand of digging (7)
Scrolls
 g - 3 scrolls of blinking
 j - 2 scrolls of teleportation
 w - a scroll of poison
 y - a scroll of amnesia
 C - 4 scrolls of noise
 G - a scroll of identify
 L - a scroll of fog
Potions
 u - a potion of berserk rage
 D - a potion of degeneration
 F - a potion of mutation
 K - a potion of curing
 M - a potion of cancellation
 N - 2 potions of lignification


   Skills:
 + Level 5.2 Fighting
 + Level 4.4 Staves
 - Level 5.8 Dodging
 - Level 3.1 Stealth
 - Level 6.4 Spellcasting
 * Level 12.2 Conjurations
 * Level 12.6 Fire Magic


You had 3 spell levels left.
You knew the following spells:

 Your Spells              Type           Power      Damage    Failure   Level
a - Foxfire               Conj/Fire      100%       2x1d9     1%          1
b - Scorch                Fire           100%       2d9       1%          2
c - Fireball              Conj/Fire      51%        3d20      1%          5
d - Starburst             Conj/Fire      51%        6d14      7%          6
e - Iskenderun's Battles  Conj           62%        2d11      1%          5

Your spell library contained the following spells:

 Spells                   Type           Power      Damage    Failure   Level
 Momentum Strike          Conj/Tloc      76%        3d10      1%          2
 Magic Dart               Conj           100%       1d8       1%          1
 Searing Ray              Conj           100%       2d8       1%          2
 Dazzling Flash           Conj/Hex       76%        N/A       1%          3
 Hailstorm                Conj/Ice       38%        3d9       1%          3
 Inner Flame              Hex/Fire       73%        N/A       1%          3
 Volatile Blastmotes      Fire/Tloc      100%       2d18      1%          3
 Freeze                   Ice            32%        1d5       7%          1
 Jinxbite                 Hex            16%        N/A       11%         2
 Frozen Ramparts          Ice            16%        1d3       22%         3
 Tukima's Dance           Hex            8%         N/A       22%         3
 Flame Wave               Conj/Fire      100%       2d21      1%          4
 Brom's Barrelling Bould  Conj/Erth      38%        2d6       6%          4
 Fulminant Prism          Conj/Alch      19%        3d11      6%          4
 Orb of Destruction       Conj           31%        9d10      36%         7
 Anguish                  Hex/Necr       4%         N/A       56%         4
 Cause Fear               Hex            4%         N/A       56%         4
 Passage of Golubria      Tloc           8%         N/A       56%         4
 Conjure Ball Lightning   Conj/Air       19%        3x3d6     65%         6
 Yara's Violent Unravell  Hex/Alch       4%         3d4       89%         5
 Enfeeble                 Hex            4%         N/A       100%        7
 Maxwell's Capacitive Co  Air            4%         ∞         100%        8


Dungeon Overview and Level Annotations

Branches:
Dungeon (11/15)            Temple (1/1) D:5
   Lair: D:8-11         Orc: D:9-12

Altars:
Ashenzari
Cheibriados
Dithmenos
Elyvilon
Fedhas
Gozag
Hepliaklqana
Kikubaaqudgha
Makhleb
Nemelex Xobeh
Okawaru
Qazlal
Ru
Sif Muna
Trog
Uskayaw
Vehumet
Wu Jian
Xom
Yredelemnul
Zin
The Shining One

Shops:
D:2 *   D:3 (   D:8 (   D:11 [

Annotations:
D:3 1 runed translucent door
D:9 3 runed translucent doors


Message History

The komodo dragon completely misses you.
The foxfire hits the gargoyle but does no damage.
Your foxfire dissipates!
The komodo dragon bites you!
The gargoyle hurls a stone arrow at you.
The stone arrow hits you!!
It was a potion of attraction.
You feel attractive to monsters. The komodo dragon bites you!
* * * LOW HITPOINT WARNING * * *
Okay, then.
Okay, then.
Unknown command.
Okay, then.
Okay, then.
Casting: Foxfire (safe; 1% risk of failure)
Confirm with . or Enter, or press ? or * to list all spells.
Okay, then.
You barely miss the komodo dragon.
The komodo dragon is heavily wounded.
The komodo dragon barely misses you.
The komodo dragon attacks as it pursues you!
The komodo dragon bites you!
* * * LOW HITPOINT WARNING * * *
You feel much better. The komodo dragon barely misses you.
As you read the scroll of summoning, it crumbles to dust.
Wisps of shadow whirl around you... The komodo dragon barely misses you.
Unknown command.
Your centaur wields a +0 shortbow.
Your centaur shoots an arrow.
The arrow hits the komodo dragon but does no damage.
The gargoyle is attracted toward you.
Casting: Foxfire (safe; 1% risk of failure)
Confirm with . or Enter, or press ? or * to list all spells.
You feel a strong surge of power!
You conjure some foxfire!
Your centaur unwields a +0 shortbow.
Your centaur closely misses the komodo dragon.
Your centaur kicks the komodo dragon but does no damage.
The komodo dragon bites you!!
You die...

..8..9.##..##...###..#####†####.#
....*.+##..##...# ..# #+# #.#
...99.# #..##...# .... ... #.#
.....'###..##...####.#..#.ho. #.#
#...##8#...........#.##.......#..
8...8###.####..[##.# ...)o..###
#...##...####...##.#
.......#........H..#..
##...###.....).v@c.#.# #..
###...........v.l9#.##...
##...###........##.#.#.... ...###
#......####§#...... .###
#......##.........P .#
#......##......#.. ##
#......##......# .......'......##
......##.......# .


You could see a komodo dragon (ally target), a gargoyle, a friendly manticore
(summoned) and a friendly centaur (summoned).

Vanquished Creatures
  2 two-headed ogres
  A cyclops (D:11)
  An ugly thing (D:11)
  Maurice (D:7)
  A manticore (D:11)
  Joseph (D:7)
  An unseen horror (D:11)
  A gargoyle (D:11)
  A troll (D:11)
  Grinder (D:4)
  5 dream sheep (D:8)
  2 shadows (D:8)
  3 wyverns
  A wraith (D:11)
  15 yaks
  A steam dragon (D:8)
  Menkaure (D:4)
  Edmund (D:4)
  Duvessa (D:6)
  3 orc warriors
  2 ice beasts (D:6)
  The ghost of browni3141 the Slasher, an amateur BaMo of Kikubaaqudgha (D:4)
  An ogre (D:3)
  A wolf (D:11)
  7 centaurs
  3 phantoms
  3 kobold brigands
  2 bullfrogs
  A gnoll sergeant (D:9)
  Blork the orc (D:4)
  2 scorpions
  Dowan (D:6)
  2 wights
  11 killer bees
  7 howler monkeys
  A bombardier beetle (D:5)
  A centaur zombie (D:4)
  A centaur skeleton (D:4)
  5 hounds
  A gnoll bouda (D:6)
  5 orc priests
  2 sleepcaps
  Jessica (D:3)
  Natasha (thrice) (D:4)
  An iguana (D:6)
  12 orc wizards
  9 gnolls
  A howler monkey skeleton (D:4)
  8 adders
  A shadow imp (D:5)
  2 white imps
  2 ufetubi (D:6)
  3 dart slugs
  3 ribbon worms (D:2)
  27 orcs
  5 ball pythons
  2 bats (D:1)
  10 endoplasms
  3 giant cockroaches
  4 goblins
  5 hobgoblins
  A quokka (D:3)
  4 frilled lizards
  2 goblin zombies
  A hobgoblin zombie (D:7)
  18 kobolds
  A kobold skeleton (D:7)
  4 kobold zombies (D:7)
  An orc skeleton (D:7)
  An orc zombie (D:7)
  2 rats
242 creatures vanquished.

Vanquished Creatures (others)
  1383 foxfires
1383 creatures vanquished.

Grand Total: 1625 creatures vanquished

Notes
Turn   | Place    | Note
-------+----------+-------------------------------------------
     0 | D:1      | Arctor the Deep Elf Fire Elementalist began the quest for
                  | the Orb.
     0 | D:1      | Reached XP level 1. HP: 10/10 MP: 6/6
   549 | D:1      | Reached XP level 2. HP: 15/15 MP: 1/8
  1689 | D:2      | Reached XP level 3. HP: 19/19 MP: 2/9
  1732 | D:2      | Learned a level 2 spell: Scorch
  2405 | D:2      | Found Ruefos's General Store.
  3066 | D:3      | Noticed a human
  3091 | D:3      | Found a runed translucent door.
  3213 | D:3      | Found a basalt altar of Yredelemnul.
  3545 | D:3      | Noticed an ogre
  3551 | D:3      | Killed an ogre
  3552 | D:3      | Reached XP level 4. HP: 24/24 MP: 2/12
  3552 | D:3      | Reached XP level 5. HP: 28/28 MP: 2/13
  3634 | D:3      | Noticed Jessica
  3638 | D:3      | Killed Jessica
  3761 | D:3      | Found a stormy altar of Qazlal.
  3912 | D:3      | Found Rocsef's Antique Weapon Shoppe.
  4212 | D:3      | Found a shadowy altar of Dithmenos.
  4220 | D:3      | Found a shimmering blue altar of Sif Muna.
  4728 | D:4      | Noticed Natasha
  4738 | D:4      | Killed Natasha
  4822 | D:4      | Noticed Menkaure
  4826 | D:4      | Killed Menkaure
  4827 | D:4      | Reached skill level 5 in Fire Magic
  4827 | D:4      | Reached XP level 6. HP: 32/32 MP: 4/14
  4907 | D:4      | Noticed Blork the orc
  4911 | D:4      | Killed Blork the orc
  5081 | D:4      | Noticed Grinder
  5116 | D:4      | Killed Grinder
  5117 | D:4      | Reached skill level 5 in Spellcasting
  5117 | D:4      | Reached XP level 7. HP: 34/36 MP: 4/16
  5214 | D:4      | Noticed Natasha
  5220 | D:4      | Killed Natasha
  5487 | D:4      | Reached skill level 5 in Conjurations
  5581 | D:4      | Found a runed translucent gate.
  5581 | D:4      | Found a runed translucent gate.
  5581 | D:4      | Found a runed translucent gate.
  5807 | D:4      | Noticed browni3141's ghost (amateur BaMo)
  5921 | D:4      | Noticed Natasha
  5924 | D:4      | Killed Natasha
  6156 | D:4      | Reached skill level 5 in Dodging
  6307 | D:4      | Noticed Edmund
  6317 | D:4      | Killed Edmund
  6318 | D:4      | Reached XP level 8. HP: 41/41 MP: 2/18
  6911 | D:4      | Killed browni3141's ghost
  7092 | D:5      | Entered Level 5 of the Dungeon
  7258 | D:5      | Learned a level 5 spell: Fireball
  7431 | D:5      | Found a staircase to the Ecumenical Temple.
  7720 | D:5      | Found a burning altar of Makhleb.
  8163 | D:2      | Learned a level 6 spell: Starburst
  8830 | D:6      | Reached skill level 1 in Fighting
  9048 | D:6      | Reached XP level 9. HP: 43/47 MP: 15/20
  9196 | D:6      | Noticed Dowan
  9199 | D:6      | Noticed Duvessa
  9201 | D:6      | Killed Dowan
  9207 | D:6      | Killed Duvessa
 10026 | D:2      | Bought the +1 robe "Teosyrgho" {rN+ Str-4 Archmagi} for 270
                  | gold pieces
 10222 | D:5      | Found a blossoming altar of Fedhas.
 10597 | Temple   | Entered the Ecumenical Temple
 10611 | Temple   | Became a worshipper of Vehumet
 10716 | D:7      | Noticed Maurice
 10723 | D:7      | Killed Maurice
 10727 | D:7      | Noticed Joseph
 11302 | D:7      | Found a glowing golden altar of the Shining One.
 11352 | D:7      | Found a sacrificial altar of Ru.
 11470 | D:7      | Killed Joseph
 11609 | D:7      | Found a hide-covered altar of Uskayaw.
 11855 | D:7      | Found a snail-covered altar of Cheibriados.
 12267 | D:7      | Reached skill level 10 in Fire Magic
 12367 | D:7      | Reached * piety under Vehumet
 12367 | D:7      | Offered knowledge of Shock by Vehumet.
 12368 | D:7      | Reached XP level 10. HP: 20/56 MP: 3/21
 12790 | D:8      | Found Ipebli's Weapon Emporium.
 13210 | D:8      | Reached skill level 10 in Conjurations
 13303 | D:8      | Reached skill level 1 in Staves
 14072 | D:8      | Found the +5 robe of Night {Dark Will+ SInv}
 14127 | D:8      | Noticed a two-headed ogre
 14134 | D:8      | Killed a two-headed ogre
 14380 | D:9      | Learned a level 5 spell: Iskenderun's Battlesphere
 15111 | D:9      | Noticed a two-headed ogre
 15119 | D:9      | Killed a two-headed ogre
 15120 | D:9      | Reached XP level 11. HP: 62/62 MP: 10/22
 15449 | D:9      | Reached ** piety under Vehumet
 15452 | D:9      | Offered knowledge of Sting by Vehumet.
 15862 | D:9      | HP: 1/53 [wight/+0 halberd (14)]
 16287 | D:9      | Found a runed translucent gate.
 16288 | D:9      | Found a runed translucent gate.
 16288 | D:9      | Found a runed translucent gate.
 16369 | D:10     | Entered Level 10 of the Dungeon
 17393 | D:11     | Noticed a purple ugly thing
 17399 | D:11     | Killed a purple ugly thing
 17833 | D:11     | Found Mever's Armour Shoppe.
 17838 | D:11     | Bought a +0 pair of gloves for 58 gold pieces
 18158 | D:11     | Offered knowledge of Momentum Strike by Vehumet.
 18159 | D:11     | Reached skill level 5 in Fighting
 18566 | D:11     | HP: 2/64 [komodo dragon (17)]
 18570 | D:11     | Slain by a komodo dragon

Illustrated notes

Levels and vault maps discovered:
D:1:      dpeg_arrival_water_fire, layout_basic, minmay_misc_feat_four_crosses
D:2:      layout_basic, serial_shops, nicolae_shop_back_alley_shop
D:3:      layout_basic, minitemple, dk_yredelemnul_ordeal, grunt_qazlal_clouds,
          serial_shops, shop, item_on_display_a, uniq_jessica
D:4:      layout_layer_cave, gammafunk_ghost_necromancy, uniq_grinder,
          uniq_edmund, uniq_menkaure, uniq_natasha, uniq_blork_the_orc
D:5:      layout_basic, fedhas_altar_1, makhleb_heckhound_becter,
          minmay_temple_entry_from_below_a
D:6:      layout_cave_pools, kennysheep_generic_room_10, uniq_duvessa
D:7:      layout_gridville, nicolae_tso_besieged_by_evil,
          overflow_temple_1_default, old_standard_altar,
          nicolae_ru_sacrificial_ziggurat, minivault_26, uniq_joseph,
          uniq_maurice
D:8:      layout_loops_corners, serial_shops, shop,
          hellmonk_guarded_unrand_night
D:9:      layout_loops_corners, gammafunk_ghost_spectres
D:10:     layout_irregular_city
D:11:     cheibrodos_statue_roulette, layout_basic, erik_lair_orcish_takeover,
          serial_shops, kennysheep_little_box
Temple:   nicolae_temple_slightly_damp_pantheon

Skill      XL: |  1  2  3  4  5  6  7  8  9 10 11 |
---------------+----------------------------------+-----
Stealth        | 3 |  3.1
Dodging        | 3 4 5 |  5.8
Conjurations   | 2 3 4 5 7 9 11 12 | 12.2
Spellcasting   | 4 5 6 |  6.4
Fire Magic     | 4 5 6 8 10 11 12 | 12.6
Fighting       | 1 3 4 5 |  5.2
Staves         | 3 4 |  4.4

Action                     |  1- 3 |  4- 6 |  7- 9 | 10-12 || total
---------------------------+-------+-------+-------+-------++-------
  Melee: Staff             |       |       |     6 |    65 ||    71
         Punch             |       |       |       |     1 ||     1
   Cast: Foxfire           |   198 |    84 |   362 |   199 ||   843
         Scorch            |     4 |     3 |    52 |   104 ||   163
         Fireball          |       |       |     2 |     7 ||     9
         Iskenderun's Batt |       |       |       |    13 ||    13
         Starburst         |       |       |       |     1 ||     1
    Use: Scroll            |       |     3 |     5 |    10 ||    18
         Potion            |       |       |     7 |     6 ||    13
 Armour: Robe              |     1 |     2 |    74 |   127 ||   204
  Dodge: Dodged            |     4 |     3 |   109 |   133 ||   249
